AoeStats
← 739697286

Nomad

507201917Analyzed
4v4 RM · 16d ago on Sep 17, 2026· 49m 44s· 8 players
Game mode
Random Map
Map size
231×231
Population
200
Speed
Normal
Resources
Standard
Victory
Conquest
Starting age
Dark Age
Ending age
Imperial Age
RankedLock teamsTeams togetherTeam positionsShared explorationLock speedFull tech treeHidden civsTurbo modeCheats
Victory
Defeat
🇨🇴 Berbers · Colombia
1457
+17
🇺🇸 Spanish · United States
1450
+17
🇦🇷 Dravidians · Argentina
1444
+17
🇲🇽 Maya · Mexico
1408
+19
🇹🇼 Lithuanians · Taiwan
1502
-18
🇭🇰 Bengalis · Hong Kong SAR China
1482
-18
🇨🇳 Huns · China
1459
-17
🇨🇳 Persians · China
1458
-17
C4L4V3R4
3:53 Loom
14:27 Feudal Age
22:22 Castle Age
20:29 Double-Bit Axe
20:39 Horse Collar
41:24 Wheelbarrow
42:03 Coinage
42:06 Gold Mining
45:53 Bow Saw
52:04 Imperial Age
Diheadwarlord
4:17 Loom
13:21 Feudal Age
16:59 Castle Age
16:26 Double-Bit Axe
18:50 Town Watch
25:12 Stone Mining
25:44 Padded Archer Armor
30:33 Leather Archer Armor
31:18 Bloodlines
31:08 Husbandry
33:19 Horse Collar
40:29 Imperial Age
39:42 Light Cavalry
41:02 Scale Barding Armor
41:07 Forging
42:03 Conscription
41:07 Cavalier
42:19 Chain Barding Armor
44:08 Plate Barding Armor
47:00 Iron Casting
47:29 Wheelbarrow
49:49 Bow Saw
weaking
3:30 Loom
13:48 Feudal Age
14:36 Fishing Lines
15:00 Double-Bit Axe
21:49 Castle Age
20:47 Forging
22:44 Medium Warships
22:27 Gillnets
23:33 Fletching
26:04 Bodkin Arrow
26:46 Bow Saw
27:39 Wheelbarrow
NaaVyii_
4:09 Loom
12:17 Feudal Age
18:08 Castle Age
16:02 Double-Bit Axe
19:11 Bow Saw
25:27 Fletching
35:39 Imperial Age
33:46 Wheelbarrow
33:21 Bodkin Arrow
33:54 Padded Archer Armor
33:46 Gold Mining
34:53 Stone Mining
35:56 Leather Archer Armor
36:26 Bracer
37:28 Chemistry
37:44 Ring Archer Armor
38:04 Conscription
38:06 Capped Ram
39:12 Ballistics
39:55 Thumb Ring
39:58 Pikeman
40:39 Squires
40:24 Arson
41:12 Scale Mail Armor
41:23 Forging
41:02 Halberdier
43:34 Chain Mail Armor
45:01 Iron Casting
46:17 Plate Mail Armor
49:03 Blast Furnace
47:46 Horse Collar
49:07 Two-Man Saw
49:14 Hand Cart
48:41 Eagle Warrior
yenyang
8:33 Loom
11:03 Feudal Age
17:29 Town Watch
20:12 Castle Age
18:15 Gold Mining
18:37 Fishing Lines
18:57 Double-Bit Axe
21:39 Bow Saw
22:13 Sanctity
23:44 Horse Collar
23:59 Stone Mining
25:08 Heavy Plow
25:08 Gillnets
26:15 Redemption
27:05 Wheelbarrow
28:09 Pikeman
32:34 Imperial Age
29:46 Elite Skirmisher
30:20 Fletching
30:30 Scale Mail Armor
32:18 Chain Mail Armor
32:56 Bodkin Arrow
33:47 Ballistics
34:27 Chemistry
34:39 Two-Man Saw
35:16 Block Printing
35:26 Illumination
35:26 Bracer
36:13 Padded Archer Armor
36:24 Forging
36:47 Hand Cart
37:15 Crop Rotation
38:35 Leather Archer Armor
39:08 Town Patrol
40:22 Tower Shields
41:41 Ring Archer Armor
43:15 Caravan
44:22 Iron Casting
44:52 Squires
45:20 Guilds
45:44 Capped Ram
46:55 Halberdier
47:42 Scale Barding Armor
48:44 Conscription
48:46 Chain Barding Armor
Mick...
3:19 Loom
14:09 Feudal Age
18:03 Castle Age
17:22 Scale Barding Armor
17:32 Gold Mining
18:05 Double-Bit Axe
25:54 Fletching
26:06 Padded Archer Armor
33:52 Fishing Lines
38:02 Gillnets
38:35 Bow Saw
39:44 Horse Collar
42:55 Heavy Plow
46:03 Wheelbarrow
47:57 Gold Shaft Mining
48:06 Ballistics
48:06 Elite Skirmisher
49:13 Hand Cart
51:41 Imperial Age
49:09 Fletching
jardan1234
5:07 Loom
15:28 Feudal Age
16:30 Double-Bit Axe
19:49 Castle Age
17:45 Double-Bit Axe
19:48 Wheelbarrow
20:40 Bow Saw
21:59 Wheelbarrow
23:10 Horse Collar
25:20 Medium Warships
25:34 Gold Mining
26:11 Fletching
26:36 Fishing Lines
27:23 Bodkin Arrow
31:14 Hand Cart
34:02 Imperial Age
34:39 Ballistics
34:16 Elite Elephant Archer
34:58 Padded Archer Armor
35:02 Bracer
35:30 Scale Barding Armor
36:50 Chemistry
36:02 Clinker Construction
36:24 Gillnets
35:58 Light Cavalry
36:49 Bloodlines
36:39 Husbandry
38:06 Heavy Warships
38:51 Leather Archer Armor
38:18 Treadmill Crane
38:48 Masonry
40:22 Scale Mail Armor
40:43 Chain Barding Armor
40:35 Forging
41:38 Husbandry
42:16 Plate Barding Armor
739697286
3:44 Loom
13:11 Feudal Age
14:42 Town Watch
21:40 Wheelbarrow
22:24 Gold Mining
24:09 Fletching
31:24 Castle Age
38:26 Imperial Age
39:07 Gold Shaft Mining
42:20 Horse Collar
45:14 Double-Bit Axe
46:11 Bow Saw
47:21 Pikeman
49:07 Halberdier
50:02 Squires
Connection lost

Rejoining the realm…

Still unreachable

The connection could not be restored.

Session expired

The server has moved on; the page needs a fresh start.